 Dungeon Crawl Stone Soup version 0.18-a0-1024-gf1736fb (webtiles) character file.

319270 Duffy the Brawler (level 20, -5/206 HPs)
             Began as a Troll Monk on Jan 7, 2016.
             Was the Champion of Makhleb.
             Slain by a white ugly thing (34 damage)
             ... on level 4 of the Vaults.
             The game lasted 01:32:29 (45714 turns).

Duffy the Brawler (Troll Monk)                     Turns: 45714, Time: 01:32:30

Health: -5/206     AC: 21    Str: 26    XL:     20   Next: 59%
Magic:  23/23      EV: 15    Int:  6    God:    Makhleb [******]
Gold:   713        SH: 14    Dex: 18    Spells: 0 memorised, 19 levels left

rFire  + + .     SeeInvis .       - Unarmed
rCold  . . .     Gourm    +     b - +1 fire dragon armour
rNeg   . . .     Faith    .     K - +2 shield {rC+}
rPois  .         Spirit   .     (helmet restricted)
rElec  .         Dismiss  .     G - +2 cloak {MR+}
rCorr  .         Reflect  .     (gloves unavailable)
SustAt .         Harm     .     (boots unavailable)
MR     ++...                    (no amulet)
Stlth  ..........               h - +2 ring of protection
                                t - +4 ring of slaying

@: about to teleport, very resistant to hostile enchantments, extremely
unstealthy
A: unfitting armour, claws 3, hooves 1, fast metabolism 3, gourmand,
regeneration 2, shaggy fur 1, strong 1, tough skin 2
a: Minor Destruction, Lesser Servant of Makhleb, Major Destruction, Greater
Servant of Makhleb, Renounce Religion
}: 2/15 runes: decaying, serpentine


You were on level 4 of the Vaults.
You worshipped Makhleb.
Makhleb was exalted by your worship.
You were completely stuffed.

You visited 7 branches of the dungeon, and saw 38 of its levels.
You also visited: Bailey, Ice Cave and Volcano.

You collected 3850 gold pieces.
You spent 3137 gold pieces at shops.


Innate Abilities, Weirdness & Mutations

You are too large for most types of armour.
You have claws for hands.
Your metabolism is lightning-fast.
You like to eat raw meat.
You heal very quickly.
You are covered in fur (AC +1).
You have very tough skin (AC +2).
You have large cloven feet.
Your muscles are strong. (Str +2)


   Skills:
 - Level 14.0 Fighting
 + Level 14.8 Throwing
 + Level 10.7 Armour
 - Level 11.0 Dodging
 - Level 1.2 Stealth
 - Level 9.0 Shields
 - Level 20.0 Unarmed Combat
 - Level 6.0 Invocations
 - Level 5.0 Evocations


You had 19 spell levels left.
You didn't know any spells.

Inventory:

Hand Weapons
 a - a +1 blowgun
Missiles
 g - 5 silver javelins
 l - 2 throwing nets
 O - 34 large rocks (quivered)
Armour
 b - a +1 fire dragon armour (worn)
 G - a +2 cloak of magic resistance (worn)
 K - a +2 shield of cold resistance (worn)
Jewellery
 h - a +2 ring of protection (right claw)
 t - a +4 ring of slaying (left claw)
 w - the amulet of Cekugob {Dismiss -Tele rElec rPois rN++ AC+1 EV+1}

   [amulet of dismissal]

   It may teleport away creatures that harm you.
   It affects your AC (+1).
   It affects your evasion (+1).
   It insulates you from electricity.
   It protects you from poison.
   It greatly protects you from negative energy.
   It prevents most forms of teleportation.
 A - an uncursed ring of see invisible
 F - an uncursed ring of positive energy
 J - an uncursed amulet of rage
 W - an uncursed ring of protection from magic
Wands
 d - a wand of hasting (4/9)
 e - a wand of heal wounds (4/9)
 f - a wand of cold (9/15)
 n - a wand of fire (12/15)
 o - a wand of digging (5/24)
 Q - a wand of fire (12/15)
 T - a wand of heal wounds (5/9)
 U - a wand of teleportation (6/9)
Scrolls
 c - 4 scrolls of teleportation
 m - 7 scrolls of immolation
 s - 15 scrolls of remove curse
 u - 2 scrolls of fear
 v - 3 scrolls of blinking
 y - 11 scrolls of magic mapping
 D - 4 scrolls of recharging
 E - 5 scrolls of fog
 H - a scroll of silence
 I - 3 scrolls of identify
Potions
 i - 5 potions of invisibility
 j - 13 potions of curing
 k - 8 potions of agility
 q - 3 potions of haste
 r - a potion of cancellation
 x - 3 potions of flight
 C - 3 potions of might
 M - 4 potions of berserk rage
 P - 5 potions of heal wounds
 S - 3 potions of cure mutation
 X - a potion of resistance
Miscellaneous
 R - a fan of gales
Comestibles
 p - 18 beef jerkies
 z - 26 bread rations
 B - 16 royal jellies
 L - 2 chunks of flesh
 N - 9 fruits
 Y - 5 slices of pizza
 Z - 12 meat rations

Dungeon Overview and Level Annotations

Branches:
Dungeon (15/15)            Temple (1/1) D:4            Lair (8/8) D:8
  Swamp (4/4) Lair:6        Snake (4/4) Lair:5        Slime (0/6) Lair:6
    Orc (2/2) D:10            Elf (0/3) Orc:2        Vaults (4/5) D:13
  Crypt (0/3) Vaults:3     Depths (0/5) D:15

Altars:
Ashenzari
Cheibriados
Dithmenos
Elyvilon
Fedhas
Gozag
Kikubaaqudgha
Makhleb
Nemelex Xobeh
Okawaru
Pakellas
Qazlal
Ru
Sif Muna
Trog
Vehumet
Xom
Yredelemnul
Zin
The Shining One

Shops:
D:3 *   D:9 =   D:12 *   D:14 *   Orc:2 *?%}   Snake:3 %%   Vaults:3 =

Portals:
Hell: Lair:8

Annotations:
D:9 exclusion: obsidian statue
D:12 Duffy's ghost, journeyman TrFi
Lair:6 exclusion: 5 oklob plants
Swamp:1 exclusion: Roxanne, Roxanne


Message History

The purple very ugly thing tail-slaps you but does no damage.
The deep troll misses you.
The deep troll claws you but does no damage.
The deep troll claws you! The white ugly thing barely misses you.
Read which item? (? for menu, Esc to quit)
Okay, then.
You mangle the deep troll!!
The deep troll is moderately wounded.
The deep troll bites you but does no damage.
The deep troll claws you but does no damage.
You block the deep troll's attack.
The red ugly thing basks in the mutagenic energy from its kin and changes!
You block the deep troll's attack. The deep troll barely misses you.
The deep troll closely misses you.
The purple very ugly thing basks in the mutagenic energy from its kin and changes!
You claw the deep troll! You kick the deep troll.
The deep troll is moderately wounded.
The deep troll barely misses you. The deep troll claws you.
You block the deep troll's attack. The white ugly thing tail-slaps you.
The white ugly thing freezes you!!
The frost giant points at you and mumbles some strange words.
The bolt of cold hits the white very ugly thing.
The white very ugly thing resists.
The bolt of cold hits you! The deep troll bites you.
You block the deep troll's attack. x2
Read which item? (? for menu, Esc to quit)
Okay, then.
Evoke which item? (* to show all) (? for menu, Esc to quit)
Okay, then.
Drink which item? (? for menu, Esc to quit)
You feel much better. The deep troll bites you.
The deep troll barely misses you. You block the deep troll's attack.
The deep troll bites you but does no damage.
The deep troll claws you! You block the deep troll's attack.
The white ugly thing tail-slaps you. The white ugly thing freezes you!!
You die...

#..........#
#..........# ####
#..........# #....
#..........# #...# #
#..........# #....#
...+..........##.....##
...#...)<.....#uu......
+..#..........#uuC.....
####..........#@#
#..........TT#
#..........#T#
.#..........#p..
..############..... ...
##.....# ## #..T.#
#...# #...


You could see an ironheart preserver, a frost giant, a white very ugly thing, 3
ugly things and 3 deep trolls.

Action                   |  1- 3 |  4- 6 |  7- 9 | 10-12 | 13-15 | 16-18 | 19-21 || total
-------------------------+-------+-------+-------+-------+-------+-------+-------++-------
Melee: Unarmed           |    87 |   125 |   236 |   908 |  1568 |  1254 |  1136 ||  5314
Throw: Large rock        |       |       |       |     8 |     5 |    40 |       ||    53
       Tomahawk          |       |       |       |     6 |    28 |    68 |       ||   102
       Javelin           |       |       |       |       |     6 |       |       ||     6
Invok: Lesser Servant of |       |       |       |       |    21 |     2 |     3 ||    26
 Abil: Evoke Berserk Rag |       |       |       |       |       |     4 |       ||     4
Evoke: Wand              |       |       |       |       |     2 |     2 |     2 ||     6
  Use: Scroll            |       |       |     9 |    14 |    13 |    22 |     5 ||    63
       Potion            |       |       |       |     3 |     7 |     2 |     2 ||    14
 Stab: Sleeping          |     2 |     1 |     4 |     5 |     9 |       |       ||    21
       Paralysed         |       |       |       |     1 |       |       |       ||     1
       Distracted        |       |       |       |       |     5 |     1 |     4 ||    10
  Eat: Chunk             |    15 |    20 |    38 |    80 |   128 |    68 |    61 ||   410
       Fruit             |       |       |       |       |       |     8 |       ||     8
       Meat ration       |       |       |       |       |       |     2 |       ||     2
       Pizza             |       |       |       |       |       |     1 |       ||     1
       Royal jelly       |       |       |       |       |       |     4 |       ||     4

Notes
Turn   | Place    | Note
--------------------------------------------------------------
     0 | D:1      | Duffy the Troll Monk began the quest for the Orb.
     0 | D:1      | Reached XP level 1. HP: 22/22 MP: 0/0
   221 | D:2      | Reached XP level 2. HP: 29/29 MP: 1/1
   547 | D:1      | Reached XP level 3. HP: 23/36 MP: 2/2
   551 | D:1      | Reached skill level 5 in Unarmed Combat
  1088 | D:2      | Reached XP level 4. HP: 36/44 MP: 3/3
  1154 | D:2      | Found an oddly glowing altar of Pakellas.
  1550 | D:2      | Reached skill level 6 in Unarmed Combat
  1574 | D:3      | Reached XP level 5. HP: 36/50 MP: 4/4
  1717 | D:3      | Found an opulent altar of Gozag.
  1720 | D:3      | Found Gozag's Platinum Reserve.
  1800 | D:3      | Noticed an ogre
  1812 | D:3      | Killed an ogre
  1812 | D:3      | Reached skill level 7 in Unarmed Combat
  2042 | D:3      | Reached XP level 6. HP: 59/59 MP: 5/5
  2708 | D:4      | Found an ancient bone altar of Kikubaaqudgha.
  2749 | D:4      | Found a staircase to the Ecumenical Temple.
  2758 | Temple   | Entered the Ecumenical Temple
  2762 | Temple   | Became a worshipper of Makhleb the Destroyer
  2762 | Temple   | Reached * piety under Makhleb
  2762 | Temple   | Reached ** piety under Makhleb
  2974 | D:4      | Reached skill level 8 in Unarmed Combat
  3243 | D:5      | Entered Level 5 of the Dungeon
  3284 | D:5      | Reached XP level 7. HP: 39/66 MP: 6/6
  3401 | D:5      | Found a shattered altar of Ashenzari.
  3573 | D:5      | Reached skill level 9 in Unarmed Combat
  4582 | D:6      | Reached skill level 10 in Unarmed Combat
  4622 | D:6      | Reached XP level 8. HP: 71/74 MP: 7/7
  4772 | D:6      | Reached *** piety under Makhleb
  5076 | D:6      | Reached skill level 11 in Unarmed Combat
  5521 | D:7      | Reached skill level 12 in Unarmed Combat
  5524 | D:7      | Reached XP level 9. HP: 24/80 MP: 8/8
  5945 | D:7      | Reached **** piety under Makhleb
  5962 | D:7      | Reached skill level 13 in Unarmed Combat
  6085 | D:7      | Reached skill level 1 in Invocations
  6194 | D:7      | Reached skill level 2 in Invocations
  6347 | D:7      | Reached skill level 3 in Invocations
  6559 | D:7      | Reached skill level 4 in Invocations
  6567 | D:7      | Found a bloodstained altar of Trog.
  6594 | D:7      | Found a glowing silver altar of Zin.
  6631 | D:8      | Found a staircase to the Lair.
  6729 | D:8      | Reached skill level 5 in Invocations
  6830 | D:8      | Found a stormy altar of Qazlal.
  6899 | D:8      | Reached skill level 6 in Invocations
  6899 | D:8      | Reached XP level 10. HP: 88/88 MP: 13/13
  7037 | D:8      | Reached skill level 3 in Dodging
  7080 | D:8      | Found an iron altar of Okawaru.
  7110 | D:8      | Reached skill level 3 in Fighting
  7111 | D:8      | Reached ***** piety under Makhleb
  7186 | D:8      | Found a sacrificial altar of Ru.
  7519 | D:8      | Noticed Erolcha
  7586 | D:8      | Killed Erolcha
  7586 | D:8      | Reached skill level 4 in Fighting
  7586 | D:8      | Reached skill level 4 in Dodging
  8198 | D:9      | Noticed an obsidian statue
  8241 | D:9      | Reached skill level 5 in Dodging
  8290 | D:9      | Found a flagged portal.
  8315 | Bailey   | Entered a bailey
  8438 | Bailey   | Reached skill level 5 in Fighting
  8496 | Bailey   | Noticed an orc knight
  8512 | Bailey   | Killed an orc knight
  8512 | Bailey   | Reached skill level 1 in Throwing
  8838 | D:9      | Found Qaugiq's Jewellery Emporium.
  8957 | D:9      | Reached skill level 2 in Throwing
  9150 | D:10     | Entered Level 10 of the Dungeon
  9160 | D:10     | Noticed a hill giant
  9163 | D:10     | Reached XP level 11. HP: 104/104 MP: 14/14
  9173 | D:10     | Killed a hill giant
  9237 | D:10     | Noticed a griffon
  9248 | D:10     | Killed a griffon
  9248 | D:10     | Reached ****** piety under Makhleb
  9248 | D:10     | Reached skill level 6 in Dodging
  9279 | D:10     | Noticed a hill giant
  9283 | D:10     | Noticed a centaur warrior
  9298 | D:10     | Killed a hill giant
  9298 | D:10     | Reached skill level 3 in Throwing
  9308 | D:10     | Killed a centaur warrior
  9308 | D:10     | Reached skill level 6 in Fighting
  9554 | D:10     | Found a staircase to the Orcish Mines.
  9788 | D:10     | Reached skill level 4 in Throwing
 10624 | D:11     | Reached skill level 7 in Dodging
 10641 | D:11     | Reached skill level 5 in Throwing
 10656 | D:11     | Reached skill level 7 in Fighting
 11176 | D:12     | Found a basalt altar of Yredelemnul.
 11194 | D:12     | Found Hidghej's Assorted Antiques.
 11201 | D:12     | Bought a scroll labeled JUYRUE UPTIT for 24 gold pieces
 11201 | D:12     | Bought a murky green potion for 21 gold pieces
 11201 | D:12     | Bought a potion of lignification for 72 gold pieces
 11241 | D:12     | Reached XP level 12. HP: 112/118 MP: 15/15
 11437 | D:12     | Noticed Duffy's ghost (journeyman TrFi)
 11606 | D:11     | Reached skill level 6 in Throwing
 11670 | Lair:1   | Entered Level 1 of the Lair of Beasts
 11910 | Lair:1   | Noticed an eight-headed hydra
 12213 | Lair:1   | Killed an eight-headed hydra
 12391 | Lair:1   | Reached skill level 8 in Dodging
 12407 | Lair:1   | Noticed Fannar
 12421 | Lair:1   | Killed Fannar
 12627 | Lair:1   | Noticed a six-headed hydra
 12638 | Lair:1   | Killed a six-headed hydra
 12638 | Lair:1   | Reached skill level 8 in Fighting
 13394 | Lair:2   | Noticed Duffy's ghost (journeyman DEFE)
 13407 | Lair:2   | Killed Duffy's ghost
 13407 | Lair:2   | Reached skill level 7 in Throwing
 14373 | Lair:3   | Reached skill level 8 in Throwing
 15325 | Lair:4   | Noticed a death yak
 15345 | Lair:4   | Killed a death yak
 15345 | Lair:4   | Reached skill level 9 in Throwing
 15379 | Lair:4   | Noticed a death yak
 15380 | Lair:4   | Noticed a death yak
 15418 | Lair:3   | Killed a death yak
 15418 | Lair:3   | Reached XP level 13. HP: 96/128 MP: 16/16
 15900 | Lair:4   | Reached skill level 10 in Throwing
 16336 | Lair:4   | Reached skill level 9 in Dodging
 16779 | Lair:5   | Found a staircase to the Snake Pit.
 16932 | Lair:5   | Reached skill level 9 in Fighting
 18211 | Lair:6   | Noticed Kirke
 18250 | Lair:6   | Noticed a sphinx
 18252 | Lair:6   | Killed Kirke
 18705 | Lair:6   | Found a staircase to the Swamp.
 18803 | Lair:6   | Reached XP level 14. HP: 129/140 MP: 17/17
 19022 | Lair:7   | Reached skill level 10 in Dodging
 19330 | Lair:7   | Reached skill level 14 in Unarmed Combat
 19456 | Lair:7   | Reached skill level 10 in Fighting
 19721 | Lair:7   | Reached skill level 1 in Evocations
 19951 | Lair:8   | Entered Level 8 of the Lair of Beasts
 19979 | Lair:8   | Reached skill level 11 in Throwing
 19998 | Lair:8   | Reached skill level 2 in Evocations
 20250 | Lair:8   | Reached skill level 3 in Evocations
 20666 | Lair:8   | Reached skill level 4 in Evocations
 21174 | Lair:8   | Reached skill level 12 in Throwing
 21187 | Lair:8   | Found a burning altar of Makhleb.
 21242 | Lair:8   | Reached skill level 5 in Evocations
 21456 | Lair:8   | Found a gateway to Hell.
 22249 | D:12     | You fall through a shaft for 2 floors!
 22293 | D:14     | Found Yrcheir's Serpentskin Sales.
 22399 | D:14     | Bought a potion of poison for 16 gold pieces
 22429 | D:14     | Noticed Urug
 22446 | D:14     | Killed Urug
 22526 | D:14     | Reached XP level 15. HP: 54/149 MP: 18/18
 22747 | D:13     | Found a gate to the Vaults.
 22839 | D:13     | Reached skill level 15 in Unarmed Combat
 23801 | D:14     | Found a glowing golden altar of the Shining One.
 24570 | D:15     | Entered Level 15 of the Dungeon
 24871 | D:15     | Reached skill level 11 in Fighting
 25499 | D:15     | Reached skill level 16 in Unarmed Combat
 25505 | D:15     | Found a staircase to the Depths.
 25784 | D:15     | Reached skill level 12 in Fighting
 26107 | D:15     | Found a bloodstained altar of Trog.
 26322 | Orc:1    | Entered Level 1 of the Orcish Mines
 26361 | Orc:2    | Entered Level 2 of the Orcish Mines
 26412 | Orc:2    | Found a dark tunnel.
 26419 | Volcano  | Entered a volcano
 26850 | Orc:2    | Found a staircase to the Elven Halls.
 27203 | Orc:2    | Found Adoidun's Gadget Boutique.
 27203 | Orc:2    | Found Rec Ipa's General Store.
 27347 | Orc:2    | Found Dufroypp's Food Shoppe.
 27347 | Orc:2    | Found Lisabidi's Magic Scroll Shoppe.
 27379 | Orc:2    | Bought a scroll of teleportation for 51 gold pieces
 27379 | Orc:2    | Bought a scroll of identify for 34 gold pieces
 27379 | Orc:2    | Bought a scroll of recharging for 161 gold pieces
 27379 | Orc:2    | Bought a scroll of magic mapping for 59 gold pieces
 27379 | Orc:2    | Bought a scroll of identify for 34 gold pieces
 27379 | Orc:2    | Bought a scroll of enchant armour for 127 gold pieces
 27379 | Orc:2    | Bought a scroll of identify for 34 gold pieces
 27379 | Orc:2    | Bought a scroll of fog for 34 gold pieces
 27381 | Orc:2    | Bought an uncursed amulet of rage for 560 gold pieces
 27419 | Orc:2    | Gained mutation: Your muscles are strong. (Str +2) [potion of beneficial mutation]
 28962 | Swamp:1  | Entered Level 1 of the Swamp
 29026 | Swamp:1  | Noticed Roxanne
 29171 | Swamp:1  | Reached skill level 13 in Fighting
 29178 | Swamp:1  | Reached XP level 16. HP: 147/169 MP: 19/19
 30389 | Swamp:3  | Found a frozen archway.
 30397 | Swamp:3  | Reached skill level 17 in Unarmed Combat
 30445 | IceCv    | Entered an ice cave
 31006 | IceCv    | Noticed an Ice Fiend
 31014 | IceCv    | Killed an Ice Fiend
 31226 | Swamp:3  | Noticed Nikola
 31299 | Swamp:2  | Killed Nikola
 31340 | Swamp:3  | Reached skill level 14 in Fighting
 31584 | Swamp:3  | Reached skill level 4 in Armour
 31584 | Swamp:3  | Reached XP level 17. HP: 180/180 MP: 20/20
 31851 | Swamp:3  | Reached skill level 5 in Armour
 32140 | Swamp:4  | Entered Level 4 of the Swamp
 32248 | Swamp:4  | Noticed Donald
 32261 | Swamp:4  | Killed Donald
 32772 | Swamp:4  | Reached skill level 6 in Armour
 32862 | Swamp:4  | Reached skill level 18 in Unarmed Combat
 33084 | Swamp:4  | Got a decaying rune of Zot
 33891 | Orc:2    | Bought a wand of heal wounds (1/9) for 390 gold pieces
 34006 | D:9      | Bought a +4 ring of slaying for 1170 gold pieces
 34152 | Snake:1  | Entered Level 1 of the Snake Pit
 34165 | Snake:1  | Noticed Josephine
 34179 | Lair:5   | Killed Josephine
 34179 | Lair:5   | Reached skill level 7 in Armour
 34440 | Snake:1  | Reached XP level 18. HP: 189/189 MP: 21/21
 34716 | Snake:1  | Noticed Aizul
 34743 | Snake:1  | Killed Aizul
 35039 | Snake:1  | Reached skill level 1 in Shields
 35659 | Snake:2  | Reached skill level 2 in Shields
 35992 | Snake:2  | Noticed Vashnia
 36242 | Snake:2  | Reached skill level 3 in Shields
 36288 | Snake:2  | Killed Vashnia
 36303 | Snake:2  | Reached skill level 13 in Throwing
 36732 | Snake:2  | Reached skill level 4 in Shields
 37125 | Snake:3  | Noticed Jorgrun
 37151 | Snake:3  | Killed Jorgrun
 37298 | Snake:3  | Reached skill level 5 in Shields
 37641 | Snake:3  | Reached skill level 6 in Shields
 37788 | Snake:3  | Found Qimae's Food Boutique.
 37861 | Snake:3  | Found Opho's Food Shoppe.
 38400 | Snake:4  | Entered Level 4 of the Snake Pit
 38479 | Snake:4  | Reached skill level 14 in Throwing
 38700 | Snake:4  | Reached skill level 7 in Shields
 38975 | Snake:4  | Reached XP level 19. HP: 180/197 MP: 22/22
 39335 | Snake:4  | Reached skill level 8 in Shields
 39570 | Snake:4  | Reached skill level 9 in Shields
 39780 | Snake:4  | Gained mutation: You have large cloven feet. [potion of beneficial mutation]
 40154 | Snake:4  | Reached skill level 19 in Unarmed Combat
 40483 | Snake:4  | Got a serpentine rune of Zot
 40662 | Lair:6   | Found a staircase to the Slime Pits.
 41036 | Orc:2    | Bought an uncursed ring of protection from magic for 350 gold pieces
 41213 | Vaults:1 | Entered Level 1 of the Vaults
 41331 | Vaults:1 | Reached skill level 11 in Dodging
 41806 | Vaults:1 | Noticed Norris
 41831 | Vaults:1 | Killed Norris
 42023 | Vaults:1 | Reached skill level 8 in Armour
 43493 | Vaults:2 | Reached skill level 9 in Armour
 43534 | Vaults:2 | Reached XP level 20. HP: 151/206 MP: 23/23
 43806 | Vaults:2 | Reached skill level 20 in Unarmed Combat
 44513 | Vaults:3 | Found a staircase to the Crypt.
 44513 | Vaults:3 | Found an ancient bone altar of Kikubaaqudgha.
 44514 | Vaults:3 | Found a basalt altar of Yredelemnul.
 44652 | Vaults:3 | Reached skill level 10 in Armour
 45093 | Vaults:3 | Found Ekainat's Jewellery Emporium.
 45714 | Vaults:4 | Slain by a white ugly thing

Vault maps used:
D:1:      dpeg_arrival_pits
D:2:      first_bread, grunt_pakellas_sulfur
D:3:      kennysheep_six_static_rooms, nicolae_gozag_zags_fifth_avenue,
          serial_forest, infiniplex_forest_diagonal,
          infiniplex_forest_clump_long, infiniplex_forest_lined_1,
          infiniplex_forest_clump_double, infiniplex_forest_clump_double,
          infiniplex_forest_end_double, infiniplex_forest_straight_3,
          infiniplex_forest_clump_diagonal
D:4:      lemuel_zombie_altar_kikubaaqudgha, minmay_temple_entry_statues_pillars
D:5:      nicolae_ashenzari_panopticon
D:7:      black_bear_nest_1, marbit_many_paths, zin_treasury
D:8:      nicolae_overflow_crystal_walls, nicolae_ru_great_annihilating_truth,
          kennysheep_mini, dpeg_lair_monsters, uniq_erolcha
D:9:      enter_bailey_2, serial_shops, nicolae_shop_stone, grunt_ogre_cave,
          minmay_statue_bubble
D:10:     zombieorc1_lemuel, kennysheep_generic_room_16
D:12:     serial_shops, kennysheep_mini_moat, spider_trap, lemuel_tele_altar
D:13:     erik_vaults_1
D:14:     tso_metal_star, guppyfry_shop_venom, uniq_urug
D:15:     hangedman_depths_entry_try_elsewhere_first, minmay_tree_intersection,
          basic_altar
Temple:   minmay_freezing_vapour_temple_12
Lair:1:   hangedman_lair_generics_rect, lemuel_fruit_tree, uniq_fannar
Lair:2:   serial_bayou_shore_a
Lair:4:   beast_lair_carwin_9, grunt_megastairs_5
Lair:5:   minmay_snake_entry_six_corridors, infiniplex_staircase_pool_2
Lair:6:   nicolae_swamp_entry_splash_gauntlet, minmay_slime_entry_oklob_open,
          uniq_kirke
Lair:7:   bh_autumn_forest_stairs
Lair:8:   evil_forest
Swamp:1:  evilmike_swamp_ruin_house_4, uniq_roxanne
Swamp:2:  hangedman_swamp_blocks, swamp_pool4, grunt_hermit_hut
Swamp:3:  portal_ice_cave_entry_ice_beasts, nicolae_swamp_trees_clearing,
          swamp_pool1, uniq_nikola
Swamp:4:  swamp_fiery, uniq_donald
Snake:1:  nrook_guardian_serpent_snake_passage, spider_trap,
          serial_bayou_pond_b, nicolae_snake_shapes, grunt_megastairs_2,
          uniq_aizul, uniq_josephine
Snake:2:  uniq_vashnia
Snake:3:  serial_shops, shop, nicolae_shop_temple_entry_statues_fountains,
          serial_bayou_pond_d, evilmike_ambush, uniq_jorgrun
Snake:4:  johnstein_snake_rune_scales
Orc:2:    st_orc_elflike, nicolae_volcano_entry_two_sided
Vaults:1: v_rooms_6, v_pattern_4, vaults_room_ringed_pool,
          nicolae_vaults_stairing_the_circle, hangedman_vaults_corner_blocks,
          v_alt_pattern_1, nicolae_vaults_rhombus_5, vaults_mumra_hexcomb,
          uniq_norris
Vaults:2: vaults_room_boxed, v_misc_14, vaults_room_hallway, v_misc_17,
          grunt_vaults_funnel, nicolae_vaults_little_squares_5,
          ontoclasm_vaults_claustrophobia, nicolae_vaults_little_squares_6,
          v_rooms_6, ontoclasm_vaults_eye, v_misc_26, ontoclasm_vaults_chip
Vaults:3: hangedman_vaults_slice, ontoclasm_vaults_decontamination,
          grunt_vaults_diagonal, minmay_crypt_entry_necro_gods,
          dpeg_vaults_monster_row, v_misc_27, v_misc_13, st_cells,
          vaults_mumra_hex, v_misc_3, vaults_room_semicircle, serial_shops,
          shop_coins
Vaults:4: ontoclasm_vaults_fire_temple, nicolae_vaults_rhombus_7,
          ontoclasm_vaults_chip, nicolae_vaults_little_squares_4,
          vaults_dpeg_hooks, vaults_room_pools, vaults_room_octagon,
          grunt_vaults_twisty, nicolae_vaults_little_squares_2, v_misc_15,
          nicolae_vaults_little_squares_1,
          vaults_standard_mumra_enter_the_diamond
Bailey:   bailey_axe_2, bailey
IceCv:    ice_cave_small_demon
Volcano:  volcano_tomb

Vanquished Creatures
  Norris Vashnia Nikola Jorgrun
  An Ice Fiend
  A sphinx Kirke
  8 greater nagas
  2 frost giants
  3 vault wardens Aizul Donald
  7 ironheart preservers
  2 stone giants
  2 very ugly things
  A salamander stormcaller
  2 dire elephants
  4 vault guards
  3 ettins
  4 fire dragons
  The ghost of Duffy the Thaumaturge, a journeyman DEFE of Sif Muna Erolcha
  2 yaktaur captains
  A rakshasa Josephine
  15 naga warriors Fannar
  3 ice dragons
  A ghost crab
  14 anacondas
  19 hydras
  6 centaur warriors
  2 dancing weapons
  A deep troll shaman
  2 death knights
  3 ogre magi Urug
  4 alligators
  21 death yaks
  3 deep troll earth magi
  3 orc high priests
  19 naga sharpshooters
  17 shock serpents
  A sun demon
  3 skeletal warriors
  2 deep elf knights
  5 salamander mystics
  10 deep trolls
  A deep troll (shapeshifter)
  4 fire crabs
  2 spriggan druids
  A flayed ghost
  15 naga ritualists
  10 swamp dragons
  An unseen horror
  6 hill giants
  2 shambling mangroves
  4 harpies
  3 ironbrand convokers
  A sea snake (shapeshifter)
  15 orc knights
  3 wizards
  2 lindwurms
  A phantasmal warrior
  14 ugly things
  6 mana vipers
  2 wolf spiders
  15 salamanders
  5 orc sorcerers
  4 hornets
  4 manticores
  7 griffons
  7 cyclopes
  3 deep elf magi
  A cyclops (shapeshifter)
  58 black mambas
  5 elephants
  A sixfirhy
  An octopode (shapeshifter)
  14 naga magi
  7 vault sentinels
  7 guardian serpents
  3 centaur zombies
  18 spiny frogs
  2 ice statues
  3 gargoyles
  3 efreet
  2 orange demons
  9 komodo dragons
  10 yaktaurs
  15 ice devils
  A kobold demonologist
  A redback zombie
  9 fire drakes
  5 trolls
  A fire drake (shapeshifter)
  A freezing wraith
  A queen bee (shapeshifter)
  A hellwing
  A queen bee
  A red devil
  A troll (shapeshifter)
  A polar bear
  6 giant leeches
  6 two-headed ogres
  14 slime creatures
  5 bog bodies
  21 blink frogs
  A trapdoor spider
  A vampire
  A redback (shapeshifter)
  3 redbacks
  3 spriggans
  3 shadows
  8 wraiths
  A tarantella (shapeshifter)
  42 yaks
  3 wyverns
  2 flying skulls
  4 humans
  4 fire bats
  A human (shapeshifter)
  3 basilisks
  3 hogs
  A fire elemental
  8 hippogriffs
  35 vampire mosquitoes
  A steam dragon
  3 hungry ghosts
  5 mottled dragons
  14 wolves
  64 nagas
  A hell hound (shapeshifter)
  24 swamp worms
  7 wargs
  12 porcupines
  15 water moccasins
  2 hell hounds
  7 swamp drakes
  11 ice beasts
  3 phantoms
  6 sky beasts
  9 wasps
  4 black bears
  3 eyes of draining
  27 orc warriors
  2 necrophages
  An eye of draining (shapeshifter)
  25 centaurs
  29 ogres
  19 crocodiles
  A big kobold
  26 giant frogs
  2 wyvern zombies
  A gnoll sergeant
  A glowing shapeshifter simulacrum
  2 scorpions
  44 killer bees
  2 troll zombies
  13 wights
  4 electric eels
  10 crimson imps
  3 giant frog zombies
  4 jellies
  16 orc priests
  2 centaur skeletons
  4 giant frog skeletons
  A gnoll shaman
  5 hounds
  6 iguanas
  17 orc wizards
  4 worker ants
  17 sheep
  4 ogre zombies
  2 mummies
  3 hound skeletons
  A worker ant zombie
  26 gnolls
  56 river rats
  13 adders
  4 shadow imps
  9 white imps
  8 ufetubi
  An adder zombie
  A worm
  5 giant geckos
  104 orcs
  5 ball pythons
  10 bats
  3 bat zombies
  12 giant cockroaches
  3 goblins
  17 hobgoblins
  15 jackals
  27 kobolds
  5 quokkas
  A giant gecko skeleton
  3 giant newts
  A goblin skeleton
  A goblin zombie
  A hobgoblin skeleton
  3 hobgoblin zombies
  2 orc skeletons
  11 orc zombies
  8 rats
  3 rat zombies
  19 fungi
  11 plants
1586 creatures vanquished.
